Map: Zielone pola

Players

Рейдор - Winner!

  • Race: Terran Terran
  • Spawn Location: 7:00

Gracz - Winner!

  • Race: Protoss Protoss
  • Spawn Location: 9:00

Kamil - Winner!

  • Race: Protoss Protoss
  • Spawn Location: 6:00

Buter

  • Race: Zerg Zerg
  • Spawn Location: 1:00

Hemingway

  • Race: Protoss Protoss
  • Spawn Location: 12:00

yakuza

  • Race: Zerg Zerg
  • Spawn Location: 3:00

VOD

Have the link to the VOD?

Description

Time

  • Played on: Feb. 29, 2016, 9:27 a.m.
  • Length: 16:20
Show
View Real Time Build Order
Export as new Build Order

Рейдор Terran - Winner!

Build Orders:  

Get SALT Encoding   

  12  0:18  Supply Depot  
  12  0:30  Refinery  
  12  0:33  Refinery  
  12  0:35  SCV  
  13  0:47  SCV  
  14  0:54  Barracks  
  14  1:04  SCV  
  15  1:16  SCV  
  16  1:41  Marine  
  17  1:47  SCV  
  18  1:59  Marine  
  18  2:00  SCV  
  20  2:12  SCV  
  21  2:16  Marine  
  22  2:34  Marine  
  23  3:03  Orbital Command  
  23  3:11  Supply Depot  
  23  3:32  Marine  
  24  3:35  Supply Depot  
  19  5:25  Barracks Reactor  
  19  6:05  Factory  
  19  6:56  Marine x2  
  21  7:02  Hellion  
  23  7:14  Marine x2  
  25  7:23  Hellion  
  27  7:31  Marine  
  27  7:32  Marine  
  29  7:44  Hellion  
  29  7:49  Marine x2  
  33  8:06  Hellion  
  35  8:19  Marine x2  
  37  8:27  Hellion  
  39  8:37  Marine x2  
  41  10:24  Hellion  
  43  10:29  Marine x2  
  45  10:46  Hellion  
  45  10:47  Starport  
  47  11:51  Marine x2  
  47  11:52  Hellion  
  51  12:02  Viking  
  53  12:09  Marine x2  
  53  12:13  Hellion  
  57  12:27  Marine x2  
  59  12:32  Viking  
  59  12:34  Hellion  
  63  13:05  Supply Depot  
  63  13:12  Supply Depot  
  63  13:26  Marine, Viking  
  63  13:27  Hellion, Supply Depot, Reaper  
  69  13:34  Supply Depot  
  69  13:44  Marine  
  72  13:48  Hellion  
  72  13:56  Viking  
  72  13:58  Marine  
  75  14:04  Refinery  
  77  14:10  Hellion  
  77  14:15  Refinery  
  77  14:26  Medivac  
  57  14:56  Medivac  
  34  15:55  Marine  
  34  15:56  Marine  
Show
View Real Time Build Order
Export as new Build Order

Gracz Protoss - Winner!

Build Orders:  

Get SALT Encoding   

  12  0:02  Probe (Chrono Boost)  
  13  0:13  Probe (Chrono Boost)  
  14  0:20  Pylon  
  14  0:26  Assimilator  
  14  0:50  Probe (Chrono Boost)  
  15  0:59  Gateway  
  15  1:01  Probe (Chrono Boost)  
  16  1:49  Zealot  
  18  2:03  Cybernetics Core  
  18  2:20  Gateway, Zealot  
  20  2:46  Pylon  
  20  3:07  Probe (Chrono Boost)  
  20  3:09  Assimilator  
  21  3:17  Probe (Chrono Boost)  
  22  3:20  Nexus  
  22  3:27  Assimilator  
  22  3:29  Forge  
  22  3:32  Assimilator  
  22  3:36  Pylon  
  22  3:38  Warp Gate (Chrono Boost)  
  22  3:39  Pylon  
  22  4:08  Gateway  
  22  4:20  Probe  
  23  4:32  Probe  
  23  4:36  Pylon  
  24  4:42  Probe  
  24  4:44  Probe  
  26  4:52  Probe  
  26  4:56  Probe  
  28  5:03  Probe  
  28  5:05  Stargate  
  28  5:06  Stargate  
  29  5:07  Stargate  
  29  5:08  Probe  
  29  5:13  Probe  
  30  5:20  Probe  
  32  5:24  Probe  
  33  5:33  Probe  
  33  5:34  Probe  
  35  5:45  Probe x2  
  37  5:57  Probe  
  38  6:09  Probe  
  39  6:12  Void Ray  
  39  6:13  Void Ray  
  39  6:14  Void Ray  
  51  6:18  Stargate  
  51  6:21  Probe  
  52  6:27  Twilight Council  
  52  6:51  Stargate  
  52  6:54  Stalker x3  
  58  7:17  Fleet Beacon  
  58  7:41  Void Ray  
  58  7:42  Pylon, Void Ray  
  66  7:52  Mothership Core  
  68  8:18  Pylon  
  74  8:39  Void Ray  
  78  8:42  Void Ray  
  82  9:01  Robotics Facility  
  82  9:03  Robotics Facility  
  82  9:11  Robotics Facility  
  68  10:10  Probe  
  68  10:13  Probe  
  70  10:21  Probe  
  70  10:24  Void Ray x3  
  70  10:25  Probe  
  84  10:31  Probe  
  85  10:36  Pylon  
  85  10:37  Probe  
  86  10:53  Probe  
  86  10:54  Probe  
  86  10:57  Pylon, Void Ray  
  92  11:14  Void Ray  
  96  11:33  Stargate  
  96  11:54  Oracle  
  96  11:56  Probe  
  100  12:06  Probe  
  101  12:17  Probe  
  102  12:44  Pylon  
  102  13:05  Pylon  
  102  13:15  Probe  
  103  13:25  Probe  
  103  13:31  Sentry  
  103  13:32  Sentry x2  
  110  13:40  Void Ray  
  114  13:42  Void Ray  
  116  14:53  Void Ray  
  116  14:55  Void Ray  
  118  15:08  Void Ray  
Show
View Real Time Build Order
Export as new Build Order

Kamil Protoss - Winner!

Build Orders: Cannon Rush 

Get SALT Encoding   

  12  0:04  Probe (Chrono Boost)  
  13  0:17  Probe (Chrono Boost)  
  14  0:22  Pylon  
  14  0:28  Probe (Chrono Boost)  
  15  0:40  Probe (Chrono Boost)  
  16  0:45  Forge  
  16  0:51  Probe (Chrono Boost)  
  17  1:02  Probe (Chrono Boost)  
  18  1:13  Pylon  
  18  1:18  Probe (Chrono Boost)  
  19  1:21  Pylon  
  19  1:28  Probe (Chrono Boost)  
  20  1:33  Pylon  
  20  1:35  Photon Cannon  
  20  1:43  Probe (Chrono Boost)  
  21  1:52  Photon Cannon  
  21  1:55  Photon Cannon  
  21  1:58  Probe (Chrono Boost)  
  22  2:09  Probe (Chrono Boost), Photon Cannon  
  23  2:19  Pylon  
  23  2:28  Probe (Chrono Boost)  
  24  2:40  Photon Cannon  
  24  2:41  Gateway  
  24  2:45  Photon Cannon  
  24  2:53  Photon Cannon  
  24  3:04  Pylon  
  24  3:23  Photon Cannon  
  24  3:26  Photon Cannon  
  24  3:35  Photon Cannon  
  24  3:37  Photon Cannon  
  24  3:44  Photon Cannon  
  24  3:47  Photon Cannon  
  24  3:59  Pylon  
  24  4:01  Probe (Chrono Boost)  
  25  4:12  Probe (Chrono Boost)  
  26  4:22  Probe (Chrono Boost)  
  27  4:30  Assimilator  
  27  4:36  Probe (Chrono Boost)  
  28  4:44  Assimilator  
  28  4:48  Probe (Chrono Boost)  
  29  4:54  Nexus  
  29  4:58  Probe (Chrono Boost)  
  30  5:09  Probe (Chrono Boost)  
  30  5:11  Pylon  
  31  5:19  Probe (Chrono Boost)  
  32  5:25  Cybernetics Core  
  32  5:27  Photon Cannon  
  32  5:30  Probe (Chrono Boost), Photon Cannon  
  33  5:36  Photon Cannon  
  33  5:40  Probe (Chrono Boost), Photon Cannon  
  34  5:51  Probe (Chrono Boost)  
  35  5:58  Pylon  
  35  6:01  Probe (Chrono Boost)  
  36  6:12  Probe (Chrono Boost)  
  36  6:18  Stargate  
  36  6:21  Stargate  
  36  6:26  Pylon  
  36  6:28  Assimilator  
  36  6:39  Assimilator  
  36  6:43  Mothership Core (Chrono Boost)  
  38  6:57  Probe (Chrono Boost)  
  39  7:07  Probe (Chrono Boost), Photon Cannon  
  40  7:13  Photon Cannon  
  40  7:17  Photon Cannon  
  40  7:18  Probe (Chrono Boost)  
  40  7:19  Photon Cannon  
  41  7:28  Probe (Chrono Boost)  
  41  7:29  Void Ray (Chrono Boost)  
  50  7:31  Void Ray (Chrono Boost)  
  50  7:33  Pylon  
  50  7:49  Nexus  
  50  8:00  Stargate  
  50  8:14  Pylon  
  54  8:24  Void Ray (Chrono Boost)  
  54  8:26  Pylon  
  54  8:38  Photon Cannon  
  54  8:40  Photon Cannon  
  54  8:56  Photon Cannon  
  54  9:03  Photon Cannon  
  54  9:08  Photon Cannon  
  54  9:11  Photon Cannon  
  54  9:20  Void Ray (Chrono Boost)  
  58  9:25  Protoss Air Weapons Level 1 (Chrono Boost)  
  38  10:00  Probe  
  38  10:05  Probe  
  40  10:09  Void Ray x2  
  40  10:11  Probe  
  49  10:15  Probe  
  49  10:17  Assimilator  
  49  10:21  Assimilator, Probe  
  50  10:26  Probe  
  52  10:36  Probe  
  52  10:40  Fleet Beacon  
  53  10:47  Probe  
  54  11:08  Protoss Air Armor Level 1 (Chrono Boost)  
  62  11:11  Void Ray (Chrono Boost)  
  62  11:12  Void Ray (Chrono Boost)  
  62  11:32  Void Ray (Chrono Boost)  
  65  11:50  Probe  
  70  11:58  Void Ray (Chrono Boost)  
  70  12:00  Protoss Shields Level 1, Probe  
  71  12:11  Probe  
  71  12:14  Twilight Council  
  71  12:15  Void Ray (Chrono Boost)  
  80  12:18  Void Ray (Chrono Boost)  
  80  12:21  Pylon  
  80  12:27  Probe  
  81  12:37  Probe  
  82  12:48  Probe  
  83  12:57  Protoss Air Weapons Level 2 (Chrono Boost)  
  83  12:58  Probe  
  83  13:04  Void Ray  
  88  13:08  Probe  
  88  13:09  Probe  
  90  13:18  Probe  
  91  13:29  Probe  
  91  13:31  Nexus  
  92  13:40  Probe  
  92  13:44  Void Ray  
  97  13:51  Probe  
  97  13:55  Protoss Shields Level 2 (Chrono Boost)  
  98  14:18  Void Ray  
  98  14:19  Void Ray  
  106  14:31  Probe  
  107  14:43  Probe  
  108  14:55  Probe  
  109  15:02  Void Ray x3  
  109  15:06  Pylon  
  121  15:07  Probe  
  121  15:10  Pylon  
  122  15:36  Assimilator, Probe  
  122  15:39  Assimilator  
  123  15:47  Probe  
Show
View Real Time Build Order
Export as new Build Order

Buter Zerg 

Build Orders: Pool First 

Get SALT Encoding   

  12  0:03  Drone  
  13  0:13  Drone  
  14  0:22  Extractor  
  14  0:26  Overlord  
  14  0:27  Extractor  
  12  0:31  Drone  
  12  0:32  Drone  
  14  1:05  Spawning Pool  
  14  1:06  Drone  
  14  1:07  Drone x2  
  16  1:24  Drone  
  17  1:39  Drone  
  18  1:45  Drone  
  19  1:51  Drone  
  20  1:56  Metabolic Boost  
  20  1:59  Lair  
  20  2:03  Overlord  
  20  2:19  Roach Warren  
  19  2:23  Drone  
  20  2:50  Drone x2  
  22  3:09  Hydralisk Den  
  22  3:10  Roach x2  
  25  3:14  Overlord  
  25  3:29  Drone  
  25  3:31  Queen  
  28  3:42  Roach  
  28  3:44  Lurker Den  
  28  3:46  Glial Reconstitution  
  30  4:34  Roach  
  30  4:35  Roach x2  
  36  4:54  Roach  
  38  5:05  Tunneling Claws  
  38  5:08  Overlord  
  38  5:31  Overseer  
  38  5:34  Roach x3  
  44  5:59  Pneumatized Carapace  
  44  6:05  Roach  
  44  6:07  Overlord  
  46  6:15  Muscular Augments  
  46  6:27  Roach x2  
  46  6:28  Roach  
  52  6:42  Burrow  
  52  6:54  Roach  
  52  6:56  Overlord  
  52  6:58  Overlord  
  54  7:09  Overlord  
  54  7:31  Roach x2  
  58  7:52  Roach x2  
  58  7:53  Roach  
  64  8:04  Spire  
  63  8:15  Evolution Chamber  
  62  8:22  Roach x2  
  62  8:23  Roach x2  
  70  8:35  Roach x3  
  70  8:36  Roach  
  78  9:12  Roach x24  
  78  9:25  Roach x20  
  78  9:26  Roach x4  
  78  10:05  Overlord  
  78  10:06  Overlord  
  78  10:07  Overlord  
  78  10:18  Roach x28  
  78  10:44  Roach x2  
  78  10:45  Roach x3  
  64  11:34  Roach x2  
  64  11:35  Roach  
  70  12:04  Hatchery  
  69  12:15  Roach x5  
  79  12:31  Roach x29  
  79  12:41  Roach x2  
  83  13:13  Extractor  
  82  13:28  Roach x4  
  82  13:29  Roach x3  
  96  13:46  Roach x2  
  100  13:51  Overlord x3  
  100  14:01  Roach  
  102  14:27  Roach x41  
  102  14:47  Roach x33  
  86  15:26  Roach x33  
  86  15:27  Overseer  
  86  15:32  Roach x4  
  86  15:33  Roach x6  
Show
View Real Time Build Order
Export as new Build Order

Hemingway Protoss 

Build Orders:  

Get SALT Encoding   

  12  0:04  Probe (Chrono Boost)  
  13  0:22  Probe (Chrono Boost)  
  13  0:27  Pylon  
  14  0:32  Assimilator, Probe (Chrono Boost)  
  15  0:47  Gateway  
  15  0:59  Pylon  
  15  1:24  Gateway  
  15  2:01  Assimilator  
  15  2:03  Gateway  
  15  2:06  Assimilator  
  15  2:07  Cybernetics Core  
  15  2:18  Pylon  
  15  2:33  Zealot x2  
  19  2:43  Assimilator  
  19  3:01  Sentry  
  15  3:14  Sentry x2  
Show
View Real Time Build Order
Export as new Build Order

yakuza Zerg 

Build Orders: Pool Only 

Get SALT Encoding   

  12  0:05  Drone  
  13  0:14  Overlord  
  13  0:18  Drone  
  14  0:27  Extractor  
  13  0:32  Extractor  
  12  0:38  Evolution Chamber  
  12  0:41  Drone x2  
  13  0:43  Drone  
  14  1:03  Spawning Pool  
  13  1:10  Drone  
  13  1:11  Drone  
  15  1:48  Overlord  
  15  1:51  Queen  
  17  1:54  Zergling x2  
  17  1:55  Zergling x2  
  17  1:57  Metabolic Boost  
  19  2:20  Zergling x4  
  21  2:29  Lair  
  19  2:53  Zergling x6  
  19  2:57  Zerg Melee Weapons Level 1  
  22  3:06  Zergling x2  
  23  3:26  Zergling x2  
  24  3:31  Zergling x2  
  25  3:49  Roach Warren  
  24  3:57  Zergling x4, Infestation Pit  
  16  4:27  Queen  
  16  4:31  Zergling x4  
  16  4:32  Zergling x2  
  19  4:51  Zerg Ground Armor Level 1  
  18  4:57  Zergling x4  
  19  5:14  Hive  
  19  5:16  Zergling x4  
  21  5:52  Hydralisk Den  
  21  5:53  Zergling x2  
  21  5:54  Zergling x4  
  22  6:43  Hydralisk x2  
  26  6:47  Hydralisk  
  28  7:22  Hydralisk  
  30  7:30  Overlord  
  30  8:08  Drone  
  30  8:10  Hydralisk x2  
  35  8:54  Zergling x6  
  38  9:17  Overlord  
  15  10:04  Hydralisk x3  
  21  10:18  Queen  
  23  10:38  Hydralisk x2  
  27  10:48  Zerg Missile Weapons Level 1  
  27  11:21  Muscular Augments  
  27  11:24  Hydralisk  
  27  11:25  Hydralisk  
  31  11:31  Zergling x2  
  32  11:52  Zergling x4  
  34  12:14  Zergling x4  
  36  12:37  Hydralisk x2  
  40  13:07  Zergling x6  
  43  13:30  Hydralisk  
  43  13:33  Overlord  
Tags
 
Add a new tag
Caveats
  • Supply blocks, unpowered buildings, or Contaminate may cause inaccurate times.
  • Supply counts are checked every 10 seconds.